PA
COLUMBIA RIVER RATS @ CHICAGO TULA
07/19/2029
 
TOP OF THE 1ST
Columbia River Rats batting - Pitching for Chicago Tula : RHP Darweshi Hadiya
Pitching: RHP Darweshi Hadiya
Batting: SHB José Segura 0-0: Ball
1-0: Ground out 1-3 (Groundball, 13)
Batting: RHB Michael Walters 0-0: Called Strike
0-1: Foul Ball, location: 2F
0-2: SINGLE (Flyball, 89M)
Batting: RHB Yves Girard 0-0: Ball
1-0: Ball
2-0: Foul Ball, location: 2F
2-1: Swinging Strike
2-2: Strikes out swinging
Batting: RHB George Coffel 0-0: Foul Ball, location: 2F
0-1: Ball
1-1: Foul Ball, location: 2F
1-2: Ball
2-2: SINGLE (Flyball, 78S)
Michael Walters to second
Batting: RHB Júlio Costa 0-0: Fly out, F9 (Flyball, 9)
Top of the 1st over - 0 runs, 2 hits, 0 errors, 2 left on base; Columbia 0 - Chicago 0
BOTTOM OF THE 1ST
Chicago Tula batting - Pitching for Columbia River Rats : LHP Giel Overwater
Pitching: LHP Giel Overwater
Batting: RHB Wes Griffith 0-0: Called Strike
0-1: Ball
1-1: Swinging Strike
1-2: Hit by Pitch
Batting: RHB Santiago Valentín 0-0: Ball
1-0: Ball
2-0: Called Strike
2-1: Hit by Pitch
Wes Griffith to second
Batting: RHB Jesús Recesvinto 0-0: Ball
1-0: Ball
2-0: SINGLE (Line Drive, 4MD)
Wes Griffith to third
Santiago Valentín to second
Batting: RHB Syed Sarkar 0-0: Ball
1-0: Called Strike
1-1: Called Strike
1-2: Strikes out swinging
Batting: RHB Lynwood Dimartínez 0-0: Fly out, F9 (Flyball, 9)
Runner from 3rd tags up, SCORES, no throw
Batting: RHB Norm Chodorow 0-0: Called Strike
0-1: Called Strike
0-2: Ball
1-2: DOUBLE (Line Drive, 7LS)
Santiago Valentín scores
Jesús Recesvinto to third
Runner from 3rd tries for Home, SAFE, no throw
Batting: RHB Guo-fang Ni 0-0: Ball
1-0: Ball
2-0: Swinging Strike
2-1: Ball
3-1: Fly out, F7 (Line Drive, 7)
Bottom of the 1st over - 3 runs, 2 hits, 0 errors, 1 left on base; Columbia 0 - Chicago 3
TOP OF THE 2ND
Columbia River Rats batting - Pitching for Chicago Tula : RHP Darweshi Hadiya
Batting: LHB Jordan Westacott 0-0: Foul Ball, location: 2F
0-1: Foul Ball, location: 2F
0-2: Ball
1-2: Ball
2-2: SINGLE (Groundball, 34D)
Batting: RHB Andrew Berven 0-0: Called Strike
0-1: Foul Ball, location: 2F
0-2: Strikes out looking
Batting: RHB Harley Whitfield 0-0: Called Strike
0-1: Swinging Strike
0-2: Foul Ball, location: 2F
0-2: Ball
1-2: Fly out, F9 (Line Drive, 89D)
Batting: SHB Steve Gray 0-0: Called Strike
0-1: Called Strike
0-2: Ball
Jordan Westacott steals 2nd base
1-2: Ball
2-2: SINGLE (Groundball, 3D)
Jordan Westacott to third
Runner from 3rd tries for Home, SAFE, throw made home
Batting: SHB José Segura 0-0: SINGLE (Flyball, 89S)
Steve Gray to second
Batting: RHB Michael Walters 0-0: Ball
1-0: Ball
2-0: Foul Ball, location: 2F
2-1: Ball
3-1: Foul Ball, location: 2F
3-2: Base on Balls
Steve Gray to third
José Segura to second
Batting: RHB Yves Girard 0-0: Ball
1-0: Foul Ball, location: 2F
1-1: SINGLE (Groundball, 56D)
Steve Gray scores
José Segura to third
Michael Walters to second
Runner from 3rd tries for Home, SAFE, no throw
Batting: RHB George Coffel 0-0: Ball
1-0: Ball
2-0: Ball
3-0: Called Strike
3-1: Swinging Strike
3-2: Ground out 5-3 (Groundball, 56)
Top of the 2nd over - 3 runs, 4 hits, 0 errors, 2 left on base; Columbia 3 - Chicago 3
BOTTOM OF THE 2ND
Chicago Tula batting - Pitching for Columbia River Rats : LHP Giel Overwater
Batting: RHB Otton Dis 0-0: Fly out, F7 (Flyball, 7)
Batting: RHB Jim MacRach 0-0: Swinging Strike
0-1: Called Strike
0-2: Ball
1-2: Strikes out swinging
Batting: RHB Wes Griffith 0-0: Called Strike
0-1: Ball
1-1: Foul Ball, location: 2F
1-2: Foul Ball, location: 2F
1-2: Foul Ball, location: 2F
1-2: Fly out, F6 (Popup, 56)
Bottom of the 2nd over - 0 runs, 0 hits, 0 errors, 0 left on base; Columbia 3 - Chicago 3
TOP OF THE 3RD
Columbia River Rats batting - Pitching for Chicago Tula : RHP Darweshi Hadiya
Batting: RHB Júlio Costa 0-0: Ball
1-0: Called Strike
1-1: Foul Ball, location: 2F
1-2: Ground out 5-3 (Groundball, 56)
Batting: LHB Jordan Westacott 0-0: Swinging Strike
0-1: Ball
1-1: Foul Ball, location: 2F
1-2: Strikes out swinging
Batting: RHB Andrew Berven 0-0: Ball
1-0: Called Strike
1-1: Foul Ball, location: 2F
1-2: Hit by Pitch
Batting: RHB Harley Whitfield 0-0: Ball
1-0: Foul Ball, location: 2F
1-1: Swinging Strike
1-2: SINGLE (Line Drive, 56)
Andrew Berven to second
Batting: SHB Steve Gray 0-0: Ball
1-0: SINGLE (Line Drive, 9S)
Andrew Berven to third
Harley Whitfield to second
Runner from 3rd tries for Home, SAFE, no throw
Batting: SHB José Segura 0-0: Ball
1-0: Ball
2-0: Foul Ball, location: 2F
2-1: Ball
3-1: Foul Ball, location: 2F
3-2: Base on Balls
Harley Whitfield to third
Steve Gray to second
Batting: RHB Michael Walters 0-0: Foul Ball, location: 2F
0-1: Foul Ball, location: 2F
0-2: Fly out, F6 (Line Drive, 56)
Top of the 3rd over - 1 run, 2 hits, 0 errors, 3 left on base; Columbia 4 - Chicago 3
BOTTOM OF THE 3RD
Chicago Tula batting - Pitching for Columbia River Rats : LHP Giel Overwater
Batting: RHB Santiago Valentín 0-0: Foul Ball, location: 2F
0-1: Called Strike
0-2: Ball
1-2: Strikes out swinging
Batting: RHB Jesús Recesvinto 0-0: Called Strike
0-1: Ball
1-1: Fly out, F4 (Line Drive, 4)
Batting: RHB Syed Sarkar 0-0: Ball
1-0: Foul Ball, location: 2F
1-1: Called Strike
1-2: Ball
2-2: Strikes out swinging
Bottom of the 3rd over - 0 runs, 0 hits, 0 errors, 0 left on base; Columbia 4 - Chicago 3
TOP OF THE 4TH
Columbia River Rats batting - Pitching for Chicago Tula : RHP Darweshi Hadiya
Batting: RHB Yves Girard 0-0: SINGLE (Groundball, 6M) (infield hit)
Batting: RHB George Coffel 0-0: Ball
Throwing error on steal attempt, E2
Yves Girard to third
1-0: Ball
2-0: Foul Ball, location: 2F
2-1: Called Strike
2-2: Ball
3-2: Fly out, F4 (Popup, 23)
Batting: RHB Júlio Costa 0-0: Called Strike
0-1: Ball
1-1: Ball
2-1: Foul Ball, location: 2F
2-2: Fly out, F4 (Line Drive, 4)
Batting: LHB Jordan Westacott 0-0: Intentional Walk
Batting: RHB Andrew Berven 0-0: Swinging Strike
0-1: Ball
1-1: Ball
2-1: Fly out, F8 (Flyball, 8LD)
Top of the 4th over - 0 runs, 1 hit, 1 error, 2 left on base; Columbia 4 - Chicago 3
BOTTOM OF THE 4TH
Chicago Tula batting - Pitching for Columbia River Rats : LHP Giel Overwater
Batting: RHB Lynwood Dimartínez 0-0: Ball
1-0: Ball
2-0: Called Strike
2-1: Ball
3-1: Foul Ball, location: 2F
3-2: Foul Ball, location: 2F
3-2: Ground out U3 (Groundball, 3)
Batting: RHB Norm Chodorow 0-0: Fly out, F5 (Popup, 5F)
Batting: RHB Guo-fang Ni 0-0: Foul Ball, location: 2F
0-1: Foul Ball, location: 2F
0-2: Ball
1-2: Foul Ball, location: 2F
1-2: Strikes out looking
Bottom of the 4th over - 0 runs, 0 hits, 0 errors, 0 left on base; Columbia 4 - Chicago 3
TOP OF THE 5TH
Columbia River Rats batting - Pitching for Chicago Tula : RHP Darweshi Hadiya
Batting: RHB Harley Whitfield 0-0: Foul Ball, location: 2F
0-1: Called Strike
0-2: Ball
1-2: Foul Ball, location: 2F
1-2: Foul Ball, location: 2F
1-2: Fly out, F7 (Flyball, 7LMF)
Batting: SHB Steve Gray 0-0: Foul Ball, location: 2F
0-1: Called Strike
0-2: Ball
1-2: Foul Ball, location: 2F
1-2: Ball
2-2: Ball
3-2: SINGLE (Groundball, 56D)
Pitching: RHP Henry Fowler
Batting: SHB José Segura 0-0: Ball
1-0: Ball
2-0: Ball
3-0: Called Strike
3-1: Fly out, F8 (Flyball, 78S)
Batting: RHB Michael Walters 0-0: Ground out 4-3 (Groundball, 4M)
Top of the 5th over - 0 runs, 1 hit, 0 errors, 1 left on base; Columbia 4 - Chicago 3
BOTTOM OF THE 5TH
Chicago Tula batting - Pitching for Columbia River Rats : LHP Giel Overwater
Batting: RHB Otton Dis 0-0: Swinging Strike
0-1: Foul Ball, location: 2F
0-2: Ball
1-2: Strikes out swinging
Batting: RHB Jim MacRach 0-0: Ball
1-0: Ball
2-0: Fly out, F8 (Line Drive, 8LM)
Batting: RHB Wes Griffith 0-0: Ball
1-0: Foul Ball, location: 2F
1-1: Foul Ball, location: 2F
1-2: DOUBLE (Line Drive, 7LM)
Batting: RHB Santiago Valentín 0-0: Foul Ball, location: 2F
0-1: Ball
1-1: Ball
2-1: SINGLE (Groundball, 34D)
Wes Griffith to third
Runner from 3rd tries for Home, SAFE, no throw
Batting: RHB Jesús Recesvinto 0-0: Ball
1-0: Foul Ball, location: 2F
1-1: Ball
2-1: Foul Ball, location: 2F
2-2: Strikes out swinging
Bottom of the 5th over - 1 run, 2 hits, 0 errors, 1 left on base; Columbia 4 - Chicago 4
TOP OF THE 6TH
Columbia River Rats batting - Pitching for Chicago Tula : RHP Henry Fowler
Batting: RHB Yves Girard 0-0: Called Strike
0-1: Swinging Strike
0-2: Ball
1-2: Ball
2-2: Strikes out swinging
Batting: RHB George Coffel 0-0: Called Strike
0-1: Called Strike
0-2: SINGLE (Groundball, 15S) (infield hit)
Batting: RHB Júlio Costa 0-0: Called Strike
George Coffel steals 2nd base
0-1: Swinging Strike
0-2: Strikes out looking
Batting: LHB Jordan Westacott 0-0: Intentional Walk
Batting: RHB Andrew Berven 0-0: Called Strike
0-1: Foul Ball, location: 2F
0-2: Ball
1-2: Foul Ball, location: 2F
1-2: Ball
2-2: SINGLE (Groundball, 6D)
George Coffel to third
Jordan Westacott to second
Runner from 3rd tries for Home, SAFE, no throw
Batting: RHB Harley Whitfield 0-0: Called Strike
0-1: Ball
1-1: Swinging Strike
1-2: Foul Ball, location: 2F
1-2: Fly out, F8 (Flyball, 8RD)
Top of the 6th over - 1 run, 2 hits, 0 errors, 2 left on base; Columbia 5 - Chicago 4
BOTTOM OF THE 6TH
Chicago Tula batting - Pitching for Columbia River Rats : LHP Giel Overwater
Batting: RHB Syed Sarkar 0-0: Ball
1-0: Called Strike
1-1: Foul Ball, location: 2F
1-2: SINGLE (Groundball, 56D)
Pinch Runner at 1st Mike Majewski:
Batting: RHB Lynwood Dimartínez 0-0: Ball
Mike Majewski is caught stealing 2nd base
1-0: Ball
2-0: Swinging Strike
2-1: Ground out 6-3 (Groundball, 6)
Batting: RHB Norm Chodorow 0-0: Called Strike
0-1: Ball
1-1: SINGLE (Line Drive, 6D)
Batting: RHB Guo-fang Ni 0-0: Called Strike
0-1: Ball
1-1: Ball
Wild Pitch!
Norm Chodorow to second
2-1: Ball
3-1: Base on Balls
Batting: RHB Otton Dis 0-0: Called Strike
0-1: Ball
1-1: Foul Ball, location: 2F
1-2: Strikes out swinging
Bottom of the 6th over - 0 runs, 2 hits, 0 errors, 2 left on base; Columbia 5 - Chicago 4
TOP OF THE 7TH
Columbia River Rats batting - Pitching for Chicago Tula : RHP Henry Fowler
Now at 1B: Raphaël Duval
Batting: SHB Steve Gray 0-0: Called Strike
0-1: Ball
1-1: Foul Ball, location: 2F
1-2: Ball
2-2: Strikes out swinging
Batting: SHB José Segura 0-0: Ball
1-0: SINGLE (Line Drive, 89S)
Batting: RHB Michael Walters 0-0: Called Strike
0-1: Ball
1-1: SINGLE (Groundball, 4MD)
José Segura to second
Batting: RHB Yves Girard 0-0: Ball
1-0: Called Strike
1-1: Single, Error in OF, E9, batter to second base
José Segura scores
Michael Walters to third
Pitching: RHP Kyung-nam Kim
Pinch Hitting: LHB Lucas Ruts 0-0: Intentional Walk
Batting: RHB Júlio Costa 0-0: Called Strike
0-1: Ball
1-1: Called Strike
1-2: Strikes out swinging
Batting: LHB Jordan Westacott 0-0: Ball
1-0: Ball
2-0: Ball
3-0: Base on Balls
Michael Walters scores
Yves Girard to third
Lucas Ruts to second
Batting: RHB Andrew Berven 0-0: Ball
1-0: Swinging Strike
1-1: Foul Ball, location: 2F
1-2: Strikes out looking
Top of the 7th over - 2 runs, 3 hits, 1 error, 3 left on base; Columbia 7 - Chicago 4
BOTTOM OF THE 7TH
Chicago Tula batting - Pitching for Columbia River Rats : LHP Giel Overwater
Now at 2B: Edgar Castaneda
Batting: RHB Jim MacRach 0-0: Fly out, F8 (Flyball, 89D)
Batting: RHB Wes Griffith 0-0: Foul Ball, location: 2F
0-1: Swinging Strike
0-2: Ball
1-2: Strikes out swinging
Batting: RHB Santiago Valentín 0-0: Called Strike
0-1: Ball
1-1: Foul Ball, location: 2F
1-2: Ball
2-2: Ball
3-2: Base on Balls
Batting: RHB Jesús Recesvinto 0-0: Ball
Santiago Valentín steals 2nd base
1-0: Fly out, F8 (Flyball, 8LS)
Bottom of the 7th over - 0 runs, 0 hits, 0 errors, 1 left on base; Columbia 7 - Chicago 4
TOP OF THE 8TH
Columbia River Rats batting - Pitching for Chicago Tula : RHP Kyung-nam Kim
Batting: RHB Harley Whitfield 0-0: SINGLE (Line Drive, 6MD)
Batting: SHB Steve Gray 0-0: Bunted foul
0-1: Bunted foul
0-2: Ball
1-2: Strikes out swinging
Batting: SHB José Segura 0-0: Ball
1-0: Called Strike
1-1: Ball
2-1: Swinging Strike
2-2: Strikes out swinging
Batting: RHB Michael Walters 0-0: Ball
1-0: Foul Ball, location: 2F
1-1: Foul Ball, location: 2F
1-2: Ball
2-2: Foul Ball, location: 2F
2-2: Ball
3-2: Reached on error, E5 (Groundball, 25)
Harley Whitfield to third
Batting: RHB Yves Girard 0-0: Foul Ball, location: 2F
0-1: Ground out 5-3 (Groundball, 5L)
Top of the 8th over - 0 runs, 1 hit, 1 error, 2 left on base; Columbia 7 - Chicago 4
BOTTOM OF THE 8TH
Chicago Tula batting - Pitching for Columbia River Rats : LHP Giel Overwater
Batting: LHB Raphaël Duval 0-0: Called Strike
0-1: Ground out 1-3 (Groundball, 13S)
Batting: RHB Lynwood Dimartínez 0-0: Foul Ball, location: 2F
0-1: Ball
1-1: Called Strike
1-2: SINGLE (Groundball, 4MD)
Pitching: RHP Raúl Valdéz
Batting: RHB Norm Chodorow 0-0: Foul Ball, location: 2F
0-1: Ball
1-1: Foul Ball, location: 2F
1-2: Strikes out swinging
Batting: RHB Guo-fang Ni 0-0: Ball
1-0: Ball
2-0: Ball
3-0: Called Strike
3-1: Fly out, F8 (Flyball, 8LD)
Bottom of the 8th over - 0 runs, 1 hit, 0 errors, 1 left on base; Columbia 7 - Chicago 4
TOP OF THE 9TH
Columbia River Rats batting - Pitching for Chicago Tula : RHP Kyung-nam Kim
Batting: LHB Edgar Castaneda 0-0: Called Strike
0-1: Ball
1-1: Foul Ball, location: 2F
1-2: Ball
2-2: Fly out, F4 (Flyball, 34D)
Batting: RHB Júlio Costa 0-0: Ball
1-0: Called Strike
1-1: SINGLE (Groundball, 34D)
Batting: LHB Jordan Westacott 0-0: Swinging Strike
Error on foul ball, E5
0-2: SINGLE (Groundball, 6) (infield hit)
Júlio Costa to second
Batting: RHB Andrew Berven 0-0: Ball
1-0: Foul Ball, location: 2F
1-1: Ball
2-1: Foul Ball, location: 2F
2-2: Strikes out looking
Batting: RHB Harley Whitfield 0-0: Swinging Strike
0-1: Swinging Strike
0-2: Fly out, F7 (Flyball, 7LMF)
Top of the 9th over - 0 runs, 2 hits, 1 error, 2 left on base; Columbia 7 - Chicago 4
BOTTOM OF THE 9TH
Chicago Tula batting - Pitching for Columbia River Rats : RHP Raúl Valdéz
Batting: RHB Otton Dis 0-0: Ball
1-0: Called Strike
1-1: Swinging Strike
1-2: Foul Ball, location: 2F
1-2: Strikes out looking
Batting: RHB Jim MacRach 0-0: Ball
1-0: Swinging Strike
1-1: Swinging Strike
1-2: Strikes out swinging
Batting: RHB Wes Griffith 0-0: Called Strike
0-1: Foul Ball, location: 2F
0-2: Ground out 6-3 (Groundball, 6)
Bottom of the 9th over - 0 runs, 0 hits, 0 errors, 0 left on base; Columbia 7 - Chicago 4
Tuesday, December 19th, 2017 - OOTP Baseball 18.8 Build 76